 Dungeon Crawl Stone Soup version 0.25-a0-294-gea9b1ad378 (webtiles) character file.

Game seed: 4953522989244121693, levelgen mode: deterministic

2278 Lanoc the Jester (level 9, -7/81 (82) HPs)
             Began as a Centaur Wanderer on Dec 19, 2019.
             Was a Follower of Nemelex Xobeh.
             Shot with an arrow by a centaur (14 damage)
             ... on level 7 of the Dungeon.
             The game lasted 00:17:18 (7403 turns).

Lanoc the Jester (Centaur Wanderer)                 Turns: 7403, Time: 00:17:18

HP:   -7/81 (82)    AC:  6    Str: 13    XL:     9   Next: 16%
MP:   14/15         EV:  9    Int: 13    God:    Nemelex Xobeh [*.....]
Gold: 315           SH:  0    Dex: 15    Spells: 7/8 levels left

rFire    . . .     SeeInvis .   E - +0 shortbow
rCold    . . .     Gourm    .   (shield currently unavailable)
rNeg     . . .     Faith    .   d - +0 robe
rPois    .         Spirit   .   (no helmet)
rElec    .         Reflect  .   n - scarf {repulsion}
rCorr    .         Harm     .   A - +1 pair of gloves
MR       .....     Rnd*Tele +   (no barding)
Stlth    +.........             (no amulet)
HPRegen  0.23/turn              p - ring of teleportation
MPRegen  0.14/turn              v - +3 ring of dexterity

@: very slightly contaminated, repel missiles, very quick
A: large, hooves 3, deformed body, speed 2, tough skin 3
a: Draw Escape, Draw Destruction, Draw Summoning, Renounce Religion


You were on level 7 of the Dungeon.
You worshipped Nemelex Xobeh.
Nemelex Xobeh was aware of your devotion.
You were not hungry.

You visited 2 branches of the dungeon, and saw 8 of its levels.

You collected 428 gold pieces.
You spent 113 gold pieces at shops.

Inventory:

Hand Weapons
 a - a +0 spear
 E - a +0 shortbow (weapon)
Missiles
 o - 103 arrows (quivered)
Armour
 d - a +0 robe (worn)
 n - a scarf of repulsion (worn)
 A - a +1 pair of gloves (worn)
Jewellery
 i - an uncursed ring of see invisible
 p - a ring of teleportation (left hand)
 v - a +3 ring of dexterity (right hand)
 z - an uncursed ring of magical power
Wands
 B - a wand of acid (10)
Scrolls
 e - a scroll of noise {unknown}
 g - a scroll of fear
 j - 3 scrolls of teleportation
 k - a scroll of fog
 s - a scroll of magic mapping
 t - 2 scrolls of blinking
 w - 2 scrolls of remove curse
 x - a scroll of enchant armour
 y - a scroll of amnesia
Potions
 b - a potion of invisibility
 h - a potion of lignification
 l - a potion of agility
 q - 3 potions of curing
 r - 2 potions of heal wounds
 u - a potion of berserk rage
 C - a potion of resistance
 D - 2 potions of brilliance
Miscellaneous
 c - a lamp of fire (inert)
Comestibles
 f - 6 rations
 m - 3 chunks of flesh


   Skills:
 + Level 8.9 Fighting
 * Level 1.8 Bows
 - Level 2.9 Armour
   Level 1.0 Shields
   Level 2.6 Fire Magic
 * Level 9.0 Invocations
 - Level 1.0 Evocations


You had 7 spell levels left.
You knew the following spells:

 Your Spells              Type           Power        Failure   Level  Hunger
a - Sting                 Tmut/Pois      #...         30%         1    ##.....

Your spell library contained the following spells:

 Spells                   Type           Power        Failure   Level  Hunger
 Spider Form              Tmut/Pois      #.........   67%         3    ####...


Dungeon Overview and Level Annotations

Branches:
Dungeon (7/15)             Temple (1/1) D:6

Altars:
Ashenzari
Cheibriados
Dithmenos
Gozag
Makhleb
Nemelex Xobeh
Qazlal
Sif Muna
Uskayaw
Wu Jian

Shops:
D:4 *


Innate Abilities, Weirdness & Mutations

You have hooves in place of feet.
Armour fits poorly on your strangely shaped body.
You cover ground very quickly.
You have extremely tough skin. (AC +3)


Message History

The scorpion barely misses Lanoc's illusion.
You kill the scorpion!
Your Invocations skill increases to level 9!
You swap places.
You hear the faint creaking of a distant portcullis.
The centaur shouts!
The centaur shoots an arrow.
The arrow closely misses you.
A bullfrog comes into view.
You see here 2 arrows.
Casting: Sting (safe; 30% risk of failure)
Confirm with . or Enter, or press ? or * to list all spells.
Aiming: Sting (safe; 30% risk of failure)
Press: ? - help, Shift-Dir - straight line, f - centaur
Aim: a centaur, wielding a +0 shortbow, wearing an uncursed ring of protection from magic and quivering 2 arrows You miscast Sting.
Nothing appears to happen.
The centaur shoots an arrow.
The arrow hits you!
* * * LOW HITPOINT WARNING * * *
The centaur shoots an arrow.
The arrow hits you!
You die...
Your body disappears without a glow.

,*.#........,,*
###..#...#*****
..#......#* ..##.#*,,,***
...(##*,,,#,*
....#**,,,F.**
..s.#*,,,,...***###
..§.#*,,,,....,##.#
..@.#..,,,.....#@@###
.......,,..(.c.(....##
........,........(...##
#....#.#,........##...##
###.##.#,..##.....#....# #
*...,,*.,,##........##
#**,.##,**,,##.......####
..#*,#,,***,......##..§§#
.....,,**>**.....###....##


You could see a centaur and the friendly Lanoc's illusion.

Vanquished Creatures
  Sigmund (D:4)
  An ice beast (D:5)
  5 ogres
  2 sky beasts
  A necrophage (D:6)
  A phantom (D:5)
  2 centaurs
  2 scorpions
  A killer bee (D:5)
  4 crimson imps (D:6)
  A quasit (D:5)
  2 hounds
  5 iguanas
  4 orc wizards
  7 worker ants
  A hound zombie (D:5)
  15 adders
  An ooze (D:1)
  An adder skeleton (D:5)
  An adder zombie (D:5)
  3 worms
  2 dart slugs (D:1)
  3 leopard geckos
  20 orcs
  4 bats
  5 giant cockroaches
  5 hobgoblins
  8 jackals
  6 kobolds
  5 quokkas
  4 frilled lizards
  A goblin (D:3)
  A jackal zombie (D:6)
  A leopard gecko zombie (D:6)
  10 rats
136 creatures vanquished.

Vanquished Creatures (collateral kills)
  A crimson imp (D:6)
  An iguana (D:7)
2 creatures vanquished.

Vanquished Creatures (others)
  An orc wizard (D:6)
1 creature vanquished.

Grand Total: 139 creatures vanquished

Notes
Turn   | Place    | Note
-------+----------+-------------------------------------------
     0 | D:1      | Lanoc the Centaur Wanderer began the quest for the Orb.
     0 | D:1      | Lanoc set off with the following items: a +0 spear, a lamp
                  | of fire, a +0 robe, a ration; and the following spell
                  | memorised: Sting; and the following spells available to
                  | memorise: Spider Form
     0 | D:1      | Reached XP level 1. HP: 16/16 MP: 1/1
   313 | D:1      | Reached XP level 2. HP: 24/24 MP: 2/2
   813 | D:2      | Reached XP level 3. HP: 26/31 MP: 3/3
  1041 | D:2      | Found a burning altar of Makhleb.
  1041 | D:2      | Noticed a blizzard demon
  1125 | D:2      | Reached XP level 4. HP: 29/40 MP: 4/4
  1189 | D:2      | Found a snail-covered altar of Cheibriados.
  1547 | D:3      | Found an opulent altar of Gozag.
  1602 | D:3      | Found a shimmering blue altar of Sif Muna.
  2402 | D:4      | Found Piesh's Assorted Antiques.
  2451 | D:4      | Bought a scroll labeled VAHINUS JICAC for 29 gold pieces
  2451 | D:4      | Bought a white potion for 26 gold pieces
  2451 | D:4      | Bought a scroll labeled POENYGRY BIANN for 29 gold pieces
  2451 | D:4      | Bought a scroll labeled XAATUSK VEIKK for 29 gold pieces
  2618 | D:4      | HP: 2/41 [hound (5)]
  2636 | D:4      | Reached skill level 5 in Fighting
  2636 | D:4      | Reached XP level 5. HP: 7/48 MP: 1/5
  2681 | D:4      | Noticed Sigmund
  2708 | D:4      | Killed Sigmund
  2708 | D:4      | Reached XP level 6. HP: 9/58 MP: 2/6
  2818 | D:4      | Found a sparkling altar of Nemelex Xobeh.
  2818 | D:4      | Found a hide-covered altar of Uskayaw.
  2818 | D:4      | Found an ornate altar of the Wu Jian Council.
  2818 | D:4      | Found a stormy altar of Qazlal.
  3067 | D:4      | Became a worshipper of Nemelex Xobeh the Trickster
  3094 | D:4      | Received a gift from Nemelex Xobeh
  3285 | D:4      | Found a shattered altar of Ashenzari.
  3447 | D:4      | Reached skill level 1 in Invocations
  3748 | D:4      | Reached skill level 2 in Invocations
  3748 | D:4      | Reached XP level 7. HP: 64/64 MP: 0/8
  3864 | D:4      | Reached skill level 3 in Invocations
  4021 | D:5      | Entered Level 5 of the Dungeon
  4124 | D:5      | Reached skill level 4 in Invocations
  4167 | D:5      | Found a shadowy altar of Dithmenos.
  4213 | D:5      | Reached skill level 5 in Invocations
  4222 | D:5      | Reached * piety under Nemelex Xobeh
  4265 | D:5      | Received a gift from Nemelex Xobeh
  4325 | D:5      | Reached XP level 8. HP: 48/74 MP: 3/12
  4581 | D:5      | Reached skill level 6 in Invocations
  5090 | D:5      | Reached skill level 7 in Invocations
  5724 | D:6      | Received a gift from Nemelex Xobeh
  5737 | D:6      | Reached skill level 8 in Invocations
  6080 | D:6      | Found a shadowy altar of Dithmenos.
  6122 | D:6      | Found a staircase to the Ecumenical Temple.
  6138 | Temple   | Entered the Ecumenical Temple
  6406 | D:6      | Noticed a smoke demon
  6755 | D:6      | Reached XP level 9. HP: 55/82 MP: 15/15
  7250 | D:6      | Reached skill level 1 in Bows
  7395 | D:7      | Reached skill level 9 in Invocations
  7403 | D:7      | Shot with an arrow by a centaur

Levels and vault maps discovered:
D:1:      dpeg_arrival_solitude, layout_basic
D:2:      layout_loops_ring, nicolae_overflow_crystal_walls,
          makhleb_altar_promises_db
D:3:      layout_basic, overflow_temple_1_default, first_ration, serial_forest,
          infiniplex_forest_lined_1, infiniplex_forest_lined_room_2,
          infiniplex_forest_clump_small, infiniplex_forest_lined_3,
          infiniplex_forest_clump_curved, infiniplex_forest_clump_cross,
          infiniplex_forest_clump_small, minmay_crystal_water,
          nicolae_gozag_seed_capital
D:4:      layout_basic, lemuel_crystal_altar, grunt_temple_overflow_open,
          serial_shops, nicolae_shop_waterfront, uniq_sigmund
D:5:      minmay_chambers_of_threes, layout_rooms, basic_altar,
          hangedman_abyss_or_decor_lesser_grid, nzn_random_ring
D:6:      layout_loops_ring, nicolae_dithmenos_through_a_glass_darkly,
          minmay_temple_entry_trees, nicolae_sextant
D:7:      black_bear_nest_1, layout_cave_pools, tgw_trog, enter_bailey_8,
          grunt_ministairs_4, minmay_diced_spiral, uniq_duvessa
Temple:   nicolae_temple_figure_zero

Skill      XL: |  1  2  3  4  5  6  7  8  9 |
---------------+----------------------------+-----
Fighting       | 2 3 5 6 7 8 |  8.9
Invocations    | 2 5 8 9 |  9.0
Bows           | 1 |  1.8
Armour         | |  2.9
Shields        | |  1.0
Fire Magic     | |  2.6
Evocations     | |  1.0

Action                   |  1- 3 |  4- 6 |  7- 9 || total
-------------------------+-------+-------+-------++-------
Melee: Spear             |    90 |   122 |   300 ||   512
       Kick              |    18 |    25 |    67 ||   110
 Fire: Shortbow          |       |       |    37 ||    37
 Cast: Sting             |     3 |    29 |    90 ||   122
 Abil: Draw Destruction  |       |       |     3 ||     3
       Draw Summoning    |       |       |     3 ||     3
Evoke: Lamp of fire      |       |     1 |     1 ||     2
  Use: Potion            |       |     6 |       ||     6
       Scroll            |       |       |    13 ||    13
 Stab: Sleeping          |       |       |     1 ||     1
  Eat: Chunk             |       |     7 |    15 ||    22
       Ration            |       |       |     1 ||     1
Armor: Robe              |    21 |    25 |   142 ||   188
Dodge: Dodged            |    20 |    54 |   152 ||   226
       Deflected         |     3 |     5 |     3 ||    11

Table legend:
 A = Non-vault XP
 B = Vault XP
 C = Vault XP percentage of total XP
 D = Non-vault monster count
 E = Vault monster count
 F = Vault count percentage of total count
                 A         B        C        D         E       F
            +---------+---------+-------+---------+---------+-------
      Total |    2509 |     746 |  22.9 |     120 |      19 |  13.7
            +---------+---------+-------+---------+---------+-------
        D:1 |      28 |       0 |   0.0 |      11 |       0 |   0.0
        D:2 |      74 |       0 |   0.0 |      22 |       0 |   0.0
        D:3 |      21 |       0 |   0.0 |      11 |       0 |   0.0
        D:4 |     527 |     227 |  30.1 |      17 |       1 |   5.6
        D:5 |     848 |     519 |  38.0 |      25 |      18 |  41.9
        D:6 |     922 |       0 |   0.0 |      31 |       0 |   0.0
        D:7 |      89 |       0 |   0.0 |       3 |       0 |   0.0
            +---------+---------+-------+---------+---------+-------
